[Event "British Championship 2024"]
[Site "Hull"]
[Date "2024.07.31"]
[Round "5.1"]
[White "Royal, Shreyas"]
[Black "Jones, Gawain C B"]
[Result "1/2-1/2"]
[Annotator "TA"]
[ECO "E61"]
[WhiteElo "2483"]
[BlackElo "2633"]
[PlyCount "56"]
[EventDate "2024.07.31"]
[EventCountry "GBR"]
[SourceTitle "playchess.com"]
[Source "ChessBase"]
[SourceQuality "1"]
[TimeControl "40/5400+30:1800+30"]

1. d4 Nf6 2. c4 g6 3. Nc3 Bg7 4. Nf3 O-O 5. Bg5 c5 6. d5 h6 7. Bh4 d6 8. Nd2 g5 9. Bg3 Nh5 10. e3 {[%emt 0:00:17] White has an edge.} Nxg3 11. hxg3 e6 12. Bd3 f5 (12... exd5 $11 13. Nxd5 f5) 13. g4 $16 {[%emt 0:09:34] White is more active.} fxg4 14. Qc2 ({White should play} 14. Qxg4 $16 {Threatens to win with Qe4.} exd5 15. Qh5) 14... Nd7 15. dxe6 (15. Nde4 $11 {is superior.}) 15... Ne5 $17 16. Bf5 {[%emt 0:00:06] Nd5 is the strong threat.} Qe8 17. O-O-O {[%emt 0:03:57][%cal Od2e4] And now Nde4! would win.} Bxe6 18. Bh7+ Kh8 19. Nde4 Nxc4 {[%emt 0:16:22] Strongly threatening ...d5.} (19... Kxh7 20. Nxg5+ Kh8 21. Qh7#) 20. Nxg5 {[%emt 0:00:05] [#]} d5 {[%emt 0:06:12] Prevents Be4.} (20... g3 $1 $17 21. Bg6 Qe7 (21... Rxf2 22. Qe4 $11)) 21. Bg6 $11 {[%emt 0:04:01][%cal Og6f7] White threatens Bf7! and mate. Really sharp!} (21. Nxd5 $2 Bxb2+ (21... Nxb2 $2 22. Rxh6 Bxh6 23. Rh1 $18) 22. Kb1 Bxd5 (22... hxg5 23. Bg8+) 23. Rxd5 Na3+ 24. Kxb2 Nxc2 $19) 21... Rxf2 22. Qxf2 Qxg6 23. Nxe6 Qxe6 24. Rxd5 (24. Nxd5 $2 Bxb2+ 25. Kc2 Bg7 $19) 24... Rf8 {[%emt 0:02:43] Against e4} (24... Bxc3 $2 25. bxc3 Kg8 (25... Qxd5 $2 {too greedy.} 26. Qf6+ Kg8 27. Qg6+ Kf8 28. Rf1+ Ke7 29. Qg7+ Kd6 30. Rf6+ $18) 26. Rxc5 $18) 25. Qe2 Bxc3 (25... Qxe3+ $11 26. Qxe3 Nxe3) 26. Qxc4 $16 Qxe3+ 27. Kb1 Bd4 {[%emt 0:00:16] [#]} (27... Bg7 $16) 28. Rd7 $1 $18 {[%emt 0:07:42][%mdl 1024] White has strong compensation.} b6 $2 {[%emt 0:14:18][%mdl 32768] Weighted Error Value: White=0.19 (very precise) /Black=0.34.  Mistake:       	White=2     	Black=5      Inaccurate:     	White=1     	Black=1      OK:         	White=8     	Black=7      Best:        	White=4     	Black=5      Strong:       	White=1     	---       . An unexpected result.} (28... Qe4+ {was called for.} 29. Qc2 Qxc2+ 30. Kxc2 Rf2+ 31. Kd3 Bg7) 1/2-1/2

[Event "British Championship 2024"]
[Site "Hull"]
[Date "2024.07.31"]
[Round "5.2"]
[White "Ghasi, Ameet K"]
[Black "Conquest, Stuart C"]
[Result "1-0"]
[Annotator "TA"]
[ECO "A20"]
[WhiteElo "2496"]
[BlackElo "2510"]
[PlyCount "55"]
[EventDate "2024.07.31"]
[EventCountry "GBR"]
[SourceTitle "playchess.com"]
[Source "ChessBase"]
[SourceQuality "1"]
[TimeControl "40/5400+30:1800+30"]

1. c4 e5 2. g3 Nf6 3. Bg2 h6 4. Nf3 e4 5. Nd4 Nc6 6. Nc2 Bc5 7. Nc3 Qe7 8. Ne3 {[%emt 0:05:40] White is better.} Bxe3 9. fxe3 b6 10. O-O Bb7 11. Rf4 {[%emt 0:05:09][%cal Oc3d5] And now Nd5! would win.} Nd8 12. Qf1 Ne6 13. Rf5 Ng5 14. b3 d6 15. Bb2 O-O {[%emt 0:01:38] [#]} (15... Ngh7 $14) 16. Rxf6 $1 $16 Qxf6 17. Qxf6 gxf6 18. Rf1 Rae8 19. Nb5 a6 (19... Ne6 $16 {was worth a try.}) 20. Nxc7 $18 Rc8 21. Nd5 Bxd5 22. cxd5 Rc2 23. Bc3 Nh7 (23... Rxa2 $2 24. Rxf6 (24. Bxf6 Rxd2 25. h4 Nh7 $11) 24... Rc8 25. Kf2 $18 (25. Rxh6 Rxc3 26. dxc3 Rxe2 $18)) 24. Bxe4 Rxa2 {[%emt 0:00:05] [#]} 25. Rf4 {[%emt 0:01:54] White has more active pieces.} (25. Bxf6 Nxf6 (25... Rxd2 26. Bd3 $17) 26. Rxf6 Rd8 $17 (26... Rxd2 27. Bd3 $15)) (25. Bxh7+ $142 $1 Kxh7 26. Rxf6 (26. Bxf6 $2 Rxd2 27. Rf2 Rxd5 $19)) 25... Ng5 {[%emt 0:02:36] [#]} (25... a5 $16) 26. Bf5 $1 (26. Bxf6 $2 Nh3+ (26... Rxd2 27. Bf5 $11) 27. Kf1 Nxf4 (27... Rxd2 $2 28. Rg4+ Ng5 29. h4 $18) 28. gxf4 Rxd2 $19) 26... Ra3 $2 (26... Nh7 27. Bxh7+ Kxh7 28. Rxf6 (28. Bxf6 $2 {perishes.} Rxd2 29. Kf2 Rxd5 $19) 28... b5 29. Rxd6 Rb8) 27. Bxf6 {[%emt 0:00:43] Rh4 would now be deadly. A strong pair of Bishops.} Rxb3 28. h4 {[%emt 0:00:24] Weighted Error Value: White=0.10 (very precise) /Black=0.59.  Mistake:       	White=1     	Black=4      Inaccurate:     	White=1     	Black=3      OK:         	White=8     	Black=9      Best:        	White=3     	---        Brilliant:      	White=1     	---} (28. Rh4 $142 Nh7 29. Rg4+ (29. Rxh6 $2 {too greedy.} Nxf6 30. Rxf6 Rd8 $19) 29... Ng5 30. h4 Rb4 31. Rxb4 Nh3+ 32. Bxh3 h5 33. Bf5 (33. Rxb6 a5 34. Rxd6 Rb8 35. Ra6 a4 36. Bf5 Rf8 37. d6 a3 38. Rxa3 Re8)) 1-0

[Event "British Championship 2024"]
[Site "Hull"]
[Date "2024.07.31"]
[Round "5.3"]
[White "Wadsworth, Matthew J"]
[Black "Bazakutsa, Svyatoslav"]
[Result "1-0"]
[Annotator "TA"]
[ECO "E92"]
[WhiteElo "2467"]
[BlackElo "2470"]
[PlyCount "97"]
[EventDate "2024.07.31"]
[EventCountry "GBR"]
[SourceTitle "playchess.com"]
[Source "ChessBase"]
[SourceQuality "1"]
[TimeControl "40/5400+30:1800+30"]

1. d4 Nf6 2. c4 g6 3. Nc3 Bg7 4. e4 d6 5. Nf3 O-O 6. Be2 e5 7. Be3 exd4 8. Nxd4 Re8 9. f3 c6 10. Bf2 d5 11. exd5 cxd5 12. O-O Nc6 13. c5 Bd7 14. Ndb5 Re7 15. Re1 Be6 {[%emt 0:04:32][%cal Od5d4] The position is equal.} 16. Nd4 Nd7 17. Nxe6 fxe6 18. Rb1 Qa5 19. a3 a6 {[%emt 0:02:44][%cal Og7e5] Dodges Nb5} 20. b4 Qc7 (20... Qxa3 $2 21. Rb3 $18) 21. Qd2 Qe5 {[%emt 0:02:51] [#]} (21... Rf8 $11) 22. Bxa6 $1 $16 Qxc3 23. Qxc3 Bxc3 24. Bxb7 Rxa3 25. Bxc6 Bxe1 26. Rxe1 Kf7 27. Bh4 {[%emt 0:08:03][%mdl 1024] White has strong compensation.} Nf6 (27... Rd3 {was necessary.} 28. Bxe7 Kxe7) 28. b5 $18 {[%emt 0:00:21] aiming for Rb1.} Rc7 {[%emt 0:06:23] [#]} 29. Bg3 $2 (29. Rb1 $1 $18 {and the rest is easy. Threatens to win with b6.} Ra5 30. Bg3) 29... Rc8 $16 30. Bd6 Rc3 (30... d4 $16) 31. Ra1 $18 g5 32. Ra7+ Kg6 {[%emt 0:00:02] [#]} 33. Re7 $1 g4 34. Rxe6 {[%emt 0:04:06] Bd7 is the strong threat.} gxf3 35. gxf3 (35. Bxd5 R8xc5 36. Be4+ (36. Bxc5 Rxc5 37. Bxf3 Rxb5 $14) (36. Bxf3 Rxb5 37. Re1 Rf5 $11) 36... Kg7 $16) 35... Kf5 36. Re5+ Kf4 $2 (36... Kg6 {might work better.} 37. Kf2 (37. Bxd5 Nxd5 38. Rxd5 Rxf3 $16) 37... h5) 37. Rxd5+ ({And not} 37. Re8+ Kxf3 38. Re1 (38. Rxc8 $2 Rc1#) (38. Bxd5+ $2 Nxd5 39. Re1 Rg8+ 40. Kh1 Nf6 $19) 38... Rg8+ 39. Bg3 Kg4 $11) 37... Ke3 38. Re5+ Kd4 39. Rg5 {[%emt 0:02:35] Strongly threatening Be5+.} Rc1+ 40. Kg2 {[%emt 0:00:06] Hoping for Be5+.} h6 41. Rf5 Nh7 42. Rf4+ Ke3 43. Re4+ Kd3 44. Re8 Rxe8 45. Bxe8 {[%emt 0:00:00] This pair of bishops is nice.} Ng5 46. b6 Rc2+ 47. Kg3 {[%emt 0:00:00] Bg6+ would now be deadly.} Rb2 48. c6 Rxb6 49. c7 {[%emt 0:00:00] Weighted Error Value: White=0.16 (very precise) /Black=0.60.  Mistake:       	White=1     	Black=4      Inaccurate:     	White=1     	Black=6      OK:         	White=9     	Black=6      Best:        	White=5     	Black=3      Strong:       	White=1     	---        Brilliant:      	White=1     	---} 1-0

[Event "British Championship 2024"]
[Site "Hull"]
[Date "2024.07.31"]
[Round "5.4"]
[White "Golding, Alex"]
[Black "Howell, David W L"]
[Result "0-1"]
[Annotator "TA"]
[ECO "A47"]
[WhiteElo "2296"]
[BlackElo "2675"]
[PlyCount "74"]
[EventDate "2024.07.31"]
[EventCountry "GBR"]
[SourceTitle "playchess.com"]
[Source "ChessBase"]
[SourceQuality "1"]
[TimeControl "40/5400+30:1800+30"]

1. d4 Nf6 2. Nf3 b6 3. Bf4 Bb7 4. e3 g6 5. c4 Bg7 6. Nc3 O-O 7. Bd3 d6 8. O-O {[%emt 0:00:37] The position is equal.} Nbd7 9. Bg5 h6 10. Bh4 e5 11. Nd2 exd4 12. exd4 Re8 13. Rc1 a6 14. a4 Qb8 15. f3 Nh5 16. Nb3 c5 17. d5 Nf4 18. Bg3 Nxd3 19. Qxd3 Bc8 20. Nd2 Ne5 21. Bxe5 Rxe5 22. Kh1 Ra7 23. Rce1 Rae7 24. Qb1 (24. Rxe5 $15 Bxe5 (24... Rxe5 25. g4 $15) 25. Re1) 24... Bd7 $17 25. Rxe5 Bxe5 26. Qc2 Bg7 27. b3 (27. g4 $17) 27... Qe8 $19 28. Nce4 {[%emt 0:00:42] [#]} (28. h3 $142) 28... f5 $1 29. Nf2 ({Of course not} 29. Nxd6 Qb8 30. N6e4 fxe4 31. Nxe4 Bf5) 29... Re2 {[%emt 0:01:40] White is weak on the dark squares} 30. Nd1 {[%emt 0:01:08] Inhibits Qe3.} g5 31. Qd3 Re7 32. f4 g4 33. h4 $2 {[%emt 0:03:47] [#]} (33. Qg3 {keeps fighting.}) 33... Bd4 {[%emt 0:02:03] White must now prevent ...Re2.} 34. Nb1 Kf7 35. Na3 $2 (35. Qg3) 35... Re2 {[%emt 0:00:38] Black is clearly winning.} 36. Nc2 (36. Nb1 $142) 36... Qe4 37. Qxe4 fxe4 {[%emt 0:00:09] Weighted Error Value: White=0.50/Black=0.21 (precise) .  Mistake:       	White=6     	---        Inaccurate:     	White=3     	Black=3      OK:         	White=11    	Black=17     Strong:       	---       	Black=1} ({Not} 37... Rxe4 38. Kh2 $11) 0-1

[Event "British Championship 2024"]
[Site "Hull"]
[Date "2024.07.31"]
[Round "5.5"]
[White "Adams, Michael"]
[Black "Salmons, Calum"]
[Result "1-0"]
[Annotator "TA"]
[ECO "B53"]
[WhiteElo "2670"]
[BlackElo "1999"]
[PlyCount "99"]
[EventDate "2024.07.31"]
[EventCountry "GBR"]
[SourceTitle "playchess.com"]
[Source "ChessBase"]
[SourceQuality "1"]
[TimeControl "40/5400+30:1800+30"]

1. e4 c5 2. Nf3 d6 3. Nc3 Nf6 4. d4 cxd4 5. Qxd4 Nc6 6. Qe3 g6 7. Bc4 Bg7 8. h3 {[%emt 0:00:15] The position is equal.} O-O 9. O-O a6 10. a4 Qc7 11. Qe2 b6 12. Bg5 Na5 13. Bd5 Bb7 14. Bxb7 Qxb7 15. Rad1 Rac8 16. e5 dxe5 17. Nxe5 Rfd8 18. b4 (18. Rxd8+ $14 {feels stronger.} Rxd8 19. Rd1 Rxd1+ 20. Qxd1) 18... Nc6 {[%emt 0:20:06] [#] Strongly threatening ...Nd4.} 19. Qf3 ({But not} 19. Nxc6 Qxc6 20. Rxd8+ (20. Qxe7 $2 Re8 $19) 20... Rxd8 $11) 19... h6 20. Bf4 Re8 21. Nd5 Nxd5 22. Qxd5 e6 23. Qe4 {[%emt 0:03:06] aiming for Rd7.} Bxe5 24. Bxe5 Qe7 25. Bd6 {[%emt 0:02:25] White is more active. White now steadily converts the win.} Qf6 26. c4 Qf5 (26... e5 $14) 27. Qe3 $18 b5 (27... e5 $142 28. Qxb6 (28. Qxh6 Re6 $16) 28... Qe6) 28. cxb5 ({Less strong is} 28. Qxh6 bxc4 29. Qe3 Ne7 $14) 28... axb5 {[%emt 0:00:02] Black is weak on the dark squares} 29. g4 ({Not} 29. Qxh6 bxa4 30. Qe3 e5 $11) 29... Qg5 30. Qxg5 hxg5 31. axb5 Nd8 (31... Ne7 32. b6 Nd5) 32. Rc1 Nb7 33. Be5 Kf8 34. Rc6 Rcd8 35. Rb6 Rd7 (35... Rd5 {might work better.} 36. Bc7 Nd8) 36. Ra1 Rc8 37. Bf6 {[%emt 0:01:22][%cal Oa1a7] Black must now prevent Ra7!} Ke8 38. Bxg5 Nd6 39. Bf4 Ke7 (39... Rcd8 $142 40. Bg5 Rc8) 40. Rd1 Nc4 41. Rxd7+ Kxd7 {[%emt 0:30:07][%mdl 4096] Endgame. KRB-KRN} 42. Rb7+ Ke8 43. h4 e5 44. Bg5 Kf8 (44... Nd6 $142) 45. Be7+ Kg7 46. b6 Re8 47. Bc5 Re6 48. Rb8 {[%emt 0:00:00] White threatens b7 and mate.} Rc6 49. b7 Rc7 {[%emt 0:00:00] [#]} 50. Rg8+ $3 {[%emt 0:00:00][%mdl 512] Weighted Error Value: White=0.12 (very precise) /Black=0.29 (precise) .  Mistake:       	White=1     	Black=6      Inaccurate:     	White=1     	Black=2      OK:         	White=21    	Black=14     Best:        	White=1     	Black=1} 1-0

[Event "British Championship 2024"]
[Site "Hull"]
[Date "2024.07.31"]
[Round "5.6"]
[White "Kanyamarala, Tarun"]
[Black "Han, Yichen"]
[Result "1/2-1/2"]
[Annotator "TA"]
[ECO "D38"]
[WhiteElo "2333"]
[BlackElo "2414"]
[PlyCount "39"]
[EventDate "2024.07.31"]
[EventCountry "GBR"]
[SourceTitle "playchess.com"]
[Source "ChessBase"]
[SourceQuality "1"]
[TimeControl "40/5400+30:1800+30"]

1. d4 d5 2. c4 e6 3. Nc3 Bb4 4. cxd5 exd5 5. Nf3 Nf6 6. Bg5 h6 7. Bh4 Nbd7 8. e3 g5 9. Bg3 Ne4 {[%emt 0:00:29] White has an edge.} 10. Nd2 {[%emt 0:02:58] Ndxe4 is the strong threat.} Nxg3 11. hxg3 c6 12. Bd3 Nf6 13. Qc2 Be6 14. Nf3 Ng4 15. Bf5 (15. a3 $14 Bd6 16. e4) 15... Bxf5 16. Qxf5 Qd7 17. Qxd7+ Kxd7 18. Nh2 Nf6 19. Ke2 a5 20. Nf3 {[%emt 0:02:04] Weighted Error Value: White=0.08 (flawless) /Black=0.06 (flawless) .  Mistake:       	White=1     	---        Inaccurate:     	---       	Black=1      OK:         	White=6     	Black=6      Best:        	---       	Black=1} 1/2-1/2

[Event "British Championship 2024"]
[Site "Hull"]
[Date "2024.07.31"]
[Round "5.7"]
[White "Gasanov, Eldar"]
[Black "Hebden, Mark L"]
[Result "1-0"]
[Annotator "TA"]
[ECO "E70"]
[WhiteElo "2469"]
[BlackElo "2398"]
[PlyCount "65"]
[EventDate "2024.07.31"]
[EventCountry "GBR"]
[SourceTitle "playchess.com"]
[Source "ChessBase"]
[SourceQuality "1"]
[TimeControl "40/5400+30:1800+30"]

1. d4 Nf6 2. c4 g6 3. Nc3 Bg7 4. e4 d6 5. Nge2 a6 6. Ng3 h5 7. Be2 Nbd7 8. f4 {[%emt 0:15:39] White is slightly better.} h4 9. Nf1 e5 10. fxe5 dxe5 11. d5 Nc5 12. Qc2 a5 (12... h3 $11 {is more appropriate.} 13. g3 c6) 13. Be3 b6 14. Nd2 ({Better is} 14. h3 $16) 14... h3 $11 15. g3 Ng4 16. Bxg4 Bxg4 17. Nd1 Bh6 (17... O-O $11) 18. Qc3 Qe7 19. Nf2 Na4 20. Qb3 Bd7 21. Bxh6 Rxh6 22. Qe3 Rh5 23. Nd3 Bg4 ({Black should try} 23... Nc5) 24. O-O $16 Rd8 (24... Nc5 $16) 25. Rf2 $18 c6 $2 (25... Kf8 {was called for.} 26. Raf1 Rh7) 26. Raf1 {[%emt 0:03:52] Rxf7 would now be deadly.} ({Inferior is} 26. dxc6 Qd6 27. b3 Qxd3 $15) 26... Rh7 27. Rf6 ({Less strong is} 27. dxc6 Rc8 $16 (27... Qd6 $2 28. Nf3 $18)) 27... cxd5 28. exd5 {[%emt 0:01:11][%cal Od2e4,Be4d5,Bd5e6,Be6f7][%mdl 32] Hoping for Ne4!} Bf5 29. Nxe5 Nxb2 {[%emt 0:16:28] [#]} 30. Re1 $1 Be6 (30... Na4 31. Nc6) 31. dxe6 Qxf6 32. exf7+ Kf8 {[%emt 0:00:00] [#]} 33. Nd7+ $1 {[%emt 0:01:22][%mdl 512] Weighted Error Value: White=0.17 (very precise) /Black=0.55.  Mistake:       	White=1     	Black=5      Inaccurate:     	White=4     	Black=4      OK:         	White=12    	Black=5      Best:        	White=2     	Black=1} 1-0

[Event "British Championship 2024"]
[Site "Hull"]
[Date "2024.07.31"]
[Round "5.8"]
[White "McShane, Luke J"]
[Black "Eggleston, David J"]
[Result "1-0"]
[Annotator "TA"]
[ECO "B90"]
[WhiteElo "2617"]
[BlackElo "2335"]
[PlyCount "128"]
[EventDate "2024.07.31"]
[EventCountry "GBR"]
[SourceTitle "playchess.com"]
[Source "ChessBase"]
[SourceQuality "1"]
[TimeControl "40/5400+30:1800+30"]

1. e4 c5 2. Nf3 d6 3. d4 Nf6 4. Nc3 cxd4 5. Nxd4 a6 6. Be3 e5 7. Nf3 Be7 8. Bc4 O-O 9. O-O Be6 10. Bb3 Nc6 11. Qe2 Rc8 12. Rfd1 Qc7 13. Bg5 Bg4 14. Bxf6 Bxf6 15. Nd5 Qd8 16. c3 Bg5 17. Rd3 Kh8 18. h3 Bxf3 19. Qxf3 Ne7 20. Rad1 Nxd5 21. Rxd5 Be7 22. Rxe5 dxe5 23. Rxd8 Rcxd8 24. Qh5 Bd6 25. h4 Rd7 26. Qf5 Re7 27. h5 f6 (27... h6 $142 28. g4 Bc5) 28. Bd5 b5 (28... h6 $16 29. Qf3 Rb8) 29. a3 (29. h6 $1 $18) 29... Bb8 (29... h6 $16 {might work better.} 30. Be6 a5) 30. Kf1 (30. h6 $1 $18) 30... Ba7 (30... h6 $16 31. Qg4 Rfe8) 31. Ke2 (31. h6 $1 $18 {is more deadly.}) 31... Bb6 (31... h6 $16 32. Be6 a5) 32. Kd3 (32. h6 $1 $18) 32... Ba7 ({Black should try} 32... h6 33. Kc2 a5) 33. Kc2 (33. h6 $142 $1) 33... Bb6 (33... h6 $142 34. Kb3 Bc5) 34. Kb3 (34. h6 $142) 34... Bc5 (34... h6 $142 35. Qf3 Ba7) 35. Ka2 (35. h6 $142 $1) 35... Bb6 (35... h6 $142 36. Kb3 Rd8) 36. Be6 ({Better is} 36. h6 $1) 36... Bxf2 37. Bc8 a5 {[%emt 0:00:15] [#]} 38. Ba6 $1 Be3 39. Bxb5 Rd8 (39... Rb7 $16 40. Bc6 Rc7) 40. Bc6 (40. Qf3 $18 Bc1 41. Qf1) 40... Rc7 41. Bd5 Rb8 (41... h6 $16 42. Qf3 Bc5) 42. Qf1 (42. Qf3 $18 Bc5 43. Qg3) 42... Rb6 (42... h6 $16 43. Qd3 Bg1) 43. Qe1 Bc5 44. Qd1 Rb8 45. Qa4 Be3 46. Qd1 (46. Qxa5 $2 {too greedy.} Ra7 $19) 46... Bc5 $1 {[%emt 0:00:00] [#]} 47. Qd3 ({White should play} 47. h6 $1) 47... Ra7 48. Qh3 Re7 (48... h6 $16 49. Qd3 Rc7) 49. h6 g6 $2 (49... Ra7 50. Qe6 Be7 51. hxg7+ (51. Qf7 gxh6 52. b3 Rc7 $16) 51... Kxg7) 50. Qf3 Rf8 51. g4 Ra7 52. Qd3 Rb8 $2 (52... Re7 53. Qb5 Bg1) 53. Qf1 Rf8 54. Qb5 Be3 55. a4 Rc8 56. Be6 Rd8 57. Qc6 Rf8 58. Bd5 Re7 59. Qa6 Bxh6 60. Qxa5 f5 (60... Ree8 {was necessary.} 61. b4 Bg5) 61. gxf5 $18 gxf5 62. exf5 Rxf5 63. Be4 Rf2 (63... Rff7 $142 64. Qc5 Bg5) 64. Qb6 $18 Rf4 1-0

[Event "British Championship 2024"]
[Site "Hull"]
[Date "2024.07.31"]
[Round "5.9"]
[White "Ledger, Andrew J"]
[Black "Grieve, Harry"]
[Result "1/2-1/2"]
[Annotator "TA"]
[ECO "E04"]
[WhiteElo "2334"]
[BlackElo "2470"]
[PlyCount "71"]
[EventDate "2024.07.31"]
[EventCountry "GBR"]
[SourceTitle "playchess.com"]
[Source "ChessBase"]
[SourceQuality "1"]
[TimeControl "40/5400+30:1800+30"]

1. c4 e6 2. Nf3 d5 3. d4 Nf6 4. g3 dxc4 5. Bg2 Bb4+ 6. Bd2 a5 7. Qc2 Bxd2+ 8. Qxd2 c6 9. a4 b5 (9... Ne4 $11 {is more appropriate.} 10. Qf4 Qb6) 10. axb5 $1 $14 cxb5 11. Qg5 $1 O-O 12. Qxb5 Ba6 13. Qxa5 (13. Rxa5 $2 {is the wrong capture.} Bxb5 14. Rxa8 Bc6 $19) 13... Bb7 $1 14. Qxd8 Rxa1 {[%emt 0:00:06] [#]} 15. Qxf8+ Kxf8 16. O-O {[%emt 0:00:08] Hoping for Ne5.} Ra2 17. Nc3 {[%emt 0:20:42] The position is equal.} Rxb2 18. Rc1 Nbd7 19. Ne5 Nxe5 20. Bxb7 Rxb7 21. dxe5 $11 {[%emt 0:00:07][%mdl 4096] Endgame. KRN-KRN} Ng4 22. f4 Rb3 23. Nd1 g5 24. Kg2 (24. Rxc4 $2 {too greedy.} Rb1 25. Kg2 Rxd1 $19) 24... gxf4 25. gxf4 Kg7 26. h3 Ne3+ 27. Nxe3 Rxe3 {[%emt 0:00:01] KR-KR} 28. Kf2 Rxh3 29. Rxc4 h5 30. e4 Ra3 31. Rc7 Kg6 32. f5+ exf5 33. exf5+ Kxf5 34. Rxf7+ Kxe5 35. Rh7 Kf4 36. Rxh5 {[%emt 0:00:08] Weighted Error Value: White=0.03 (flawless) /Black=0.03 (flawless) .  Mistake:       	---       	Black=1      OK:         	White=18    	Black=14     Best:        	White=2     	Black=2      Strong:       	White=1     	Black=1      Brilliant:      	White=1     	---} 1/2-1/2

[Event "British Championship 2024"]
[Site "Hull"]
[Date "2024.07.31"]
[Round "5.10"]
[White "Williams, Simon K"]
[Black "Richardson, John R"]
[Result "0-1"]
[Annotator "TA"]
[ECO "A11"]
[WhiteElo "2450"]
[BlackElo "2299"]
[PlyCount "73"]
[EventDate "2024.07.31"]
[EventCountry "GBR"]
[SourceTitle "playchess.com"]
[Source "ChessBase"]
[SourceQuality "1"]
[TimeControl "40/5400+30:1800+30"]

1. c4 c6 2. Nf3 d5 3. e3 Nf6 4. Nc3 Nbd7 5. b3 e5 6. cxd5 cxd5 7. Bb2 a6 8. d3 {[%emt 0:25:20] Black is slightly better.} Bd6 9. g3 O-O 10. Bg2 Re8 11. O-O b5 12. Nh4 Bb7 13. d4 (13. Rc1 $15) 13... e4 $17 {[%emt 0:05:10] White is on the road to losing.} 14. f3 Rc8 {[%emt 0:04:22] Black is more active.} 15. Nf5 Bb4 16. fxe4 dxe4 (16... Rxc3 17. Bxc3 Bxc3 18. Rc1 $15) 17. Ne2 {[%emt 0:02:11] [#]} (17. Rc1 $17) 17... g6 $1 $19 18. d5 (18. Nh4 $142) 18... gxf5 19. Rxf5 Bd6 20. Qd2 Be5 21. Raf1 Rc5 22. d6 (22. Nf4 {was called for.}) 22... Bxb2 23. Qxb2 {[%emt 0:00:09] Threatens to win with Rxc5.} Rxf5 24. Rxf5 Re6 25. Nd4 Rxd6 26. Qf2 Nf8 27. h4 (27. h3 $142) 27... Bc8 {[%emt 0:01:26] Black is clearly winning.} 28. Rg5+ Kh8 {[%emt 0:00:06] Strongly threatening ...Ne6.} 29. Rc5 Ng4 30. Qb2 f6 {[%emt 0:00:42] aiming for ...Ne6.} (30... Nxe3 $2 31. Ne6+ (31. Nxb5+ Rf6 $19) 31... f6 32. Nxd8 Rd1+ 33. Kf2 Ng4+ 34. Ke2 Rxd8 35. Bxe4 $18) 31. Bh3 Bd7 ({Less strong is} 31... Nxe3 32. Rxc8 Qb6 (32... Qe7 $2 33. Qc3 $18) 33. Rxf8+ $19 (33. Ne6 $2 Rxe6 34. Qe2 Kg7 $19)) 32. Qc3 {[%emt 0:00:50] [#]} Nxe3 $1 33. Bxd7 Qxd7 (33... Nxd7 34. Rc8 Ne5 35. Rxd8+ Rxd8 36. Qxe3 $18) 34. Rc7 Qg4 35. Qxe3 Qd1+ 36. Kh2 Qxd4 37. Qh6 {[%emt 0:00:06] Weighted Error Value: White=0.56/Black=0.04 (flawless) .  Mistake:       	White=5     	---        OK:         	White=5     	Black=14     Best:        	---       	Black=1      Strong:       	---       	Black=1} 0-1

[Event "British Championship 2024"]
[Site "Hull"]
[Date "2024.07.31"]
[Round "5.11"]
[White "Willow, Jonah B"]
[Black "Balaji, Aaravamudhan"]
[Result "0-1"]
[Annotator "RC"]
[ECO "B00"]
[WhiteElo "2422"]
[BlackElo "2346"]
[PlyCount "158"]
[EventDate "2024.07.31"]
[EventCountry "GBR"]
[SourceTitle "playchess.com"]
[Source "ChessBase"]
[SourceQuality "1"]
[TimeControl "40/5400+30:1800+30"]

1. e4 d6 2. d4 Nf6 3. Nc3 Nc6 4. d5 Nb8 5. Be3 g6 6. Qd2 c6 7. Be2 a6 8. O-O-O Nbd7 9. g4 c5 10. g5 Nh5 11. f4 b5 12. e5 Qa5 13. Kb1 Nb6 14. exd6 exd6 15. Qe1 Kd8 16. Bd2 b4 17. a3 Bf5 18. Bd3 Bg7 19. Ne4 Bxb2 20. Nxd6 Qxa3 21. Nxf7+ Kc8 22. Bxf5+ Kb8 23. c3 Nc4 24. Kc2 Qa4+ 25. Kd3 Re8 26. Be6 Qb5 27. Ke4 Rxe6+ 28. dxe6 Qc6+ 29. Kd3 Qd5+ 30. Ke2 Qxh1 31. e7 Ka7 32. Nd8 Qg2+ 33. Qf2 Qe4+ 34. Kf1 Kb6 35. Re1 Qd3+ 36. Kg2 Rxd8 37. exd8=Q+ Qxd8 38. cxb4 Qxd2 39. bxc5+ Kb5 40. Ne2 Qd5+ 41. Kh3 Qf5+ 42. Kh4 h6 43. Qg2 hxg5+ 44. fxg5 Kxc5 45. Rf1 Qd5 46. Qf2+ Kb5 47. Ng3 Nxg3 48. Qxg3 Qd4+ 49. Kh3 Qh8+ 50. Kg2 Qa8+ 51. Kh3 Qc8+ 52. Kg2 Qc6+ 53. Kh3 Qd7+ 54. Kg2 Qd5+ 55. Kh3 Qe6+ 56. Kh4 Qe2 57. Rf3 Be5 58. Qf2 Qe4+ 59. Kh3 Bd4 60. Rb3+ Kc5 61. Qf8+ Nd6 62. Rf3 Qe6+ 63. Kh4 Qe2 64. Kh3 Be5 65. Rf2 Qh5+ 66. Kg2 Qxg5+ 67. Kh1 Qc1+ 68. Kg2 Bd4 69. Rf7 Qc2+ 70. Kh3 Qb3+ 71. Rf3 Qe6+ 72. Kg3 g5 73. Kg2 Qe2+ 74. Kh3 Qe6+ 75. Kg2 g4 76. Rf1 Qe4+ 77. Kg3 Be5+ 78. Kf2 Qc2+ 79. Ke3 a5 0-1